 Dungeon Crawl Stone Soup version 0.32-a0-643-ga006e7742e (webtiles) character file.

Game seed: 1951358870334136533

202 ragingrage the Apothecary (level 5, -3/38 HPs)
             Began as a Mountain Dwarf Alchemist on Mar 8, 2024.
             Was an Initiate of Yredelemnul.
             Slain by Prince Ribbit (13 damage)
             ... on level 5 of the Dungeon.
             The game lasted 00:03:42 (4512 turns).

ragingrage the Apothecary (MDAl)                    Turns: 4512, Time: 00:03:43

Health: -3/38      AC:  8    Str: 10    XL:     5   Next: 50%
Magic:  4/7        EV:  5    Int: 18    God:    Yredelemnul [......]
Gold:   238        SH:  0    Dex: 10    Spells: 3/7 levels left

rFire   . . .        a - +0 morningstar
rCold   . . .        (no shield)
rNeg    . . .        i - +0 chain mail
rPois   .            (no helmet)
rElec   .            (no cloak)
rCorr   +            (no gloves)
SInv    .            (no boots)
Will    .....        (no amulet) Stlth
                     u - ring of resist corrosion
HPRegen 0.26/turn    (no ring)
MPRegen 0.10/turn

%: no passive effects
@: about to teleport, wreathed by umbra
A: runic magic, artefact enchanting
a: Renounce Religion, Light the Black Torch, Recall Undead Harvest


You were on level 5 of the Dungeon.
You worshipped Yredelemnul.
Yredelemnul was noncommittal.
You visited 2 branches of the dungeon, and saw 6 of its levels.

You collected 238 gold pieces.

Inventory:

Hand Weapons
 a - a +0 morningstar (weapon)
 c - a +0 dagger
 f - a +0 flail
Missiles
 e - 5 atropa-tipped darts
 n - 4 poisoned darts
Armour
 i - a +0 chain mail (worn)
 l - a scarf of harm
 o - a +0 robe
Jewellery
 u - a ring of resist corrosion (left hand)
Scrolls
 d - 2 scrolls of identify {unknown}
 g - 2 scrolls of teleportation
 j - a scroll of poison {unknown}
 k - a scroll of summoning {unknown}
 m - a scroll of vulnerability {unknown}
 p - a scroll of amnesia {unknown}
 r - a scroll of enchant weapon {unknown}
 t - 3 scrolls of noise {unknown}
 v - a scroll of fear {unknown}
Potions
 b - 2 potions of magic
 h - a potion of curing
 q - a potion of might {unknown}
 s - a potion of enlightenment {unknown}


   Skills:
 + Level 1.5 Maces & Flails
 - Level 1.3 Dodging
 - Level 1.4 Stealth
 - Level 1.7 Spellcasting
 + Level 3.2 Conjurations
 + Level 0.9 Air Magic
 + Level 3.8 Alchemy


You had 3 spell levels left.
You knew the following spells:

 Your Spells              Type           Power      Damage    Failure   Level
a - Sting                 Conj/Alch      56%        1d6       12%         1
b - Mephitic Cloud        Conj/Alch/Air  11%        N/A       43%         3

Your spell library contained the following spells:

 Spells                   Type           Power      Damage    Failure   Level
 Mercury Vapours          Alch/Air       20%        N/A       28%         2
 Sublimation of Blood     Necr           1%         N/A       58%         2
 Hailstorm                Conj/Ice       7%         3d5       58%         3
 Call Canine Familiar     Summ           1%         N/A       82%         3
 Ozocubu's Armour         Ice            1%         N/A       82%         3
 Sigil of Binding         Hex            1%         N/A       82%         3
 Summon Ice Beast         Ice/Summ       1%         N/A       82%         3
 Olgreb's Toxic Radiance  Alch           15%        N/A       71%         4
 Petrify                  Alch/Erth      8%         N/A       91%         4
 Sticky Flame             Fire/Alch      8%         2d4       91%         4
 Irradiate                Conj/Alch      7%         3d14      97%         5
 Dimensional Bullseye     Hex/Tloc       0%         N/A       99%         4
 Metabolic Englaciation   Hex/Ice        0%         N/A       100%        5
 Sculpt Simulacrum        Ice/Alch       4%         N/A       100%        6


Dungeon Overview and Level Annotations

Branches:
Dungeon (5/15)             Temple (1/1) D:5

Altars:
Ashenzari
Cheibriados
Dithmenos
Fedhas
Gozag
Hepliaklqana
Kikubaaqudgha
Makhleb
Okawaru
Qazlal
Ru
Trog
Uskayaw
Xom
Yredelemnul
The Shining One

Annotations:
D:5 Prince Ribbit


Innate Abilities, Weirdness & Mutations

Your spellcasting is much less encumbered by armour.
You can use scrolls of enchantment on lesser artefacts.


Message History

You climb upwards.
Welcome back to the Dungeon!
There is a staircase to the Ecumenical Temple here.
Okay, then.
There is a fountain of clear blue water here.
Prince Ribbit comes into view.
Prince Ribbit croaks.
You hear an angry growl.
You see here a scroll labelled XAYSORPHUTA.
Unknown command.
You lift the black torch aloft and begin your conquest of Level 5 of the Dungeon in Yredelemnul's name!
Prince Ribbit blinks!
Aiming: Sting (safe; 12% risk of failure)
Press: ? - help, Q - select action, (/) - cycle Shift-Dir - straight line, f - Prince Ribbit
Aim: Prince Ribbit (50% to hit)
The sting hits Prince Ribbit.
Prince Ribbit is poisoned.
Aiming: Sting (safe; 12% risk of failure)
Press: ? - help, Q - select action, (/) - cycle Shift-Dir - straight line, f/p - Prince Ribbit
Aim: Prince Ribbit (lightly wounded, poisoned, umbra, 50% to hit)
The sting hits Prince Ribbit.
Prince Ribbit looks even sicker.
Prince Ribbit hits you!
You barely miss Prince Ribbit. Prince Ribbit hits you. Prince Ribbit hits you!
* * * LOW HITPOINT WARNING * * *
Aiming: Sting (safe; 12% risk of failure)
Press: ? - help, Q - select action, (/) - cycle Shift-Dir - straight line, f/p - Prince Ribbit
Aim: Prince Ribbit (moderately wounded, very poisoned, umbra, 50% to hit)
The sting misses Prince Ribbit.
Prince Ribbit hits you but does no damage.
It was a potion of curing.
You feel better. Prince Ribbit hits you!
* * * LOW HITPOINT WARNING * * *
Prince Ribbit lets out a mournful croak.
Prince Ribbit barely misses you.
A black bear comes into view.
You feel better.
Prince Ribbit lets out a mournful croak.
Prince Ribbit hits you.
* * * LOW HITPOINT WARNING * * *
As you read the scroll labelled XEXKYH LEOGEZ, it crumbles to dust.
You feel strangely unstable.
It was a scroll of teleportation.
Prince Ribbit hits you!
You die...
Your body rises from the dead as a mindless zombie.

.###.##.##.##.#
..#.........#.#
..[...........# #
#..⌠...⌠†.#
#.##.........###
#.......>......#
#.##.........#.# #
#..#..⌠...⌠..#....
#.......F@....#
###.........###
##.##.##h##
#.##...... #####
##.##.######
#...###........#
#.......###.##.#
#...##### # ##.##


You could see Prince Ribbit (poisoned) and a black bear.

Vanquished Creatures
  An orc priest (D:2)
  4 gnolls
  4 adders
  2 dart slugs
  9 orcs
  3 ball pythons
  3 endoplasms (D:1)
  7 giant cockroaches
  6 goblins
  7 hobgoblins
  6 quokkas
  13 bats
  A frilled lizard (D:1)
  9 kobolds
  10 rats
85 creatures vanquished.

Notes
Turn   | Place    | Note
-------+----------+-------------------------------------------
     0 | D:1      | ragingrage the Mountain Dwarf Alchemist began the quest for
                  | the Orb.
     0 | D:1      | Reached XP level 1. HP: 14/14 MP: 3/3
    71 | D:1      | Reached skill level 1 in Conjurations
   403 | D:1      | Reached XP level 2. HP: 20/20 MP: 2/4
   588 | D:1      | You fall into a shaft and drop 1 floor!
  1420 | D:1      | Reached XP level 3. HP: 26/26 MP: 2/5
  1870 | D:2      | Found a faded altar of an unknown god.
  2239 | D:2      | Learned a level 3 spell: Mephitic Cloud
  2258 | D:2      | Reached XP level 4. HP: 33/33 MP: 1/6
  3684 | D:2      | Reached skill level 1 in Maces & Flails
  3684 | D:2      | Reached XP level 5. HP: 19/38 MP: 1/7
  4290 | D:5      | Entered Level 5 of the Dungeon
  4433 | D:5      | Found a staircase to the Ecumenical Temple.
  4446 | Temple   | Entered the Ecumenical Temple
  4475 | Temple   | Became a worshipper of Yredelemnul the Fallen
  4504 | D:5      | Noticed Prince Ribbit
  4510 | D:5      | Noticed a black bear
  4512 | D:5      | Slain by Prince Ribbit

Illustrated notes

Levels and vault maps discovered:
D:1:      arrival_zaba_pyramid, layout_basic, minmay_misc_feat_pillars
D:2:      layout_loops_ring, shapermc_ecumenical_altar_pompeii
D:3:      layout_basic, minmay_fractal_squares_diagonal_5
D:4:      layout_basic, gammafunk_ghost_icy, serial_bayou_pond_e
D:5:      layout_loops_ring, nicolae_overflow_crystal_walls,
          minmay_temple_entry_large_hall, serial_shops, nicolae_shop_mannequins,
          minmay_misc_feat_five, uniq_prince_ribbit1
Temple:   regret_index_temple_sphere_string

Skill      XL: |  1  2  3  4 |
---------------+-------------+-----
Conjurations   | 1 2 3 |  3.2
Alchemy        | 3 |  3.8
Maces & Flails | 1 |  1.5
Dodging        | |  1.3
Stealth        | |  1.4
Spellcasting   | |  1.7
Air Magic      | |  0.9

Action                     |  1- 3 |  4- 6 || total
---------------------------+-------+-------++-------
  Melee: Unarmed           |     1 |       ||     1
         Flail             |    32 |    15 ||    47
         Morningstar       |       |    32 ||    32
   Cast: Sting             |    60 |    82 ||   142
 Invoke: Light the Black T |       |     1 ||     1
    Use: Potion            |       |     2 ||     2
         Scroll            |       |     1 ||     1
 Armour: Robe              |     1 |       ||     1
         Chain mail        |    53 |   120 ||   173
  Dodge: Dodged            |    22 |    15 ||    37

Table legend: (Time is in decaauts)
 A = Elapsed time spent in this place.
 B = Non-inter-level travel time spent in this place.
 C = Inter-level travel time spent in this place.
 D = Time resting spent in this place.
 E = Time spent auto-exploring this place.
 F = Levels seen in this place.
 G = Mean time per level.
                   A        B        C        D        E       F      G
               +--------+--------+--------+--------+--------+-----+--------+
         Total |   4545 |   4235 |    310 |    393 |   3255 |   6 |  757.5 |
       Dungeon |   4490 |   4229 |    261 |    393 |   3255 |   5 |  898.0 |
        Temple |     54 |      5 |     49 |      0 |      0 |   1 |   54.0 |
               +--------+--------+--------+--------+--------+-----+--------+

Top non-repeatable levels by time:
     D:2: 1432 daAuts
     D:1: 1413 daAuts
     D:3: 1281 daAuts
     D:4: 194 daAuts
     D:5: 167 daAuts
  Temple: 54 daAuts
